 Dungeon Crawl Stone Soup version 0.16-a0-148-g3b84123 (webtiles) character file.

281184 Ratboiler the Executioner (level 20, -2/187 HPs)
             Began as a Hill Orc Berserker on Aug 16, 2014.
             Was a High Priest of Trog.
             Slain by a vampire knight
             ... wielding a +0 dire flail
             ... summoned by a boggart
              (9 damage)
             ... on Level 1 of the Depths on Aug 17, 2014.
             The game lasted 04:24:55 (51006 turns).

Ratboiler the Executioner (Hill Orc Berserker)     Turns: 51006, Time: 04:24:55

HP  -2/187       AC 24     Str 29      XL: 20   Next: 50%
MP  32/32        EV 18     Int  7      God: Trog [*****.]
Gold 2864        SH  0     Dex 20      Spells:  0 memorised, 19 levels left

rFire  + . .     SeeInvis .     a - +5 executioner's axe (freeze)
rCold  + . .     Clarity  +     H - +2 chain mail {rF+}
rNeg   . . .     rCorr    .     (no shield)
rPois  +         rRot     .     U - +2 hat
rElec  +         Spirit   .     q - +0 cloak
SustAb .         Warding  .     l - +1 pair of gloves
rMut   +         Stasis   .     L - +0 pair of boots {Fly}
Gourm  .                        i - amulet of Pifog {rMut Dex+4}
MR     +++..                    v - ring of poison resistance
                                M - ring "Ghyajubbo" {rElec rC+ Str+6}

@: flying, regenerating, extremely resistant to hostile enchantments, extremely
unstealthy
A: clarity, regeneration 1
a: Burn Spellbooks, Berserk, Trog's Hand, Brothers in Arms, Renounce Religion,
Stop Flying
}: 2/15 runes: barnacled, gossamer


You were on level 1 of the Depths.
You worshipped Trog.
Trog was extremely pleased with you.
You were not hungry.

You visited 6 branches of the dungeon, and saw 38 of its levels.
You visited the Abyss 1 time.
You also visited: Bailey and Volcano.

You collected 4182 gold pieces.
You spent 1318 gold pieces at shops.

Inventory:

Hand weapons
 a - a +5 executioner's axe of freezing (weapon)
 b - the -1 blowgun "Tuosinuf" {evade, rPois Dex+1}
   (You bought it in a shop on level 4 of the Dungeon)

   It affects your evasion (+5 to EV).
   It affects your dexterity (+1).
   It protects you from poison.
 m - the +8 shortbow of Prudence {velocity, rElec Int+2}
   (You found it on level 2 of the Spider Nest)

   Any arrow fired from it inflicts extra damage.
   It affects your intelligence (+2).
   It insulates you from electricity.
 Q - the +3 hunting sling of the Wraith {velocity, rF+ Str+4 SInv}
   (You found it on level 1 of the Abyss)

   Any stone fired from it inflicts extra damage.
   It affects your strength (+4).
   It protects you from fire.
   It enhances your eyesight.
 T - a +4 antimagic executioner's axe
Missiles
 d - 8 needles of confusion
 e - 15 steel javelins (quivered)
 G - 9 arrows of frost
 I - 7 silver javelins
 J - 23 silver sling bullets
 W - 6 javelins of penetration
Armour
 l - a +1 pair of gloves (worn)
 q - a +0 cloak (worn)
 H - a +2 chain mail of fire resistance (worn)
 L - a +0 pair of boots of flying (worn)
 U - a +2 hat (worn)
Magical devices
 n - a wand of fireball (0)
 o - a wand of enslavement (11)
 x - a wand of disintegration (14)
 K - a wand of digging (9)
 Y - a wand of lightning (1)
Comestibles
 c - 6 meat rations
 s - 5 fruits
 t - 6 chunks of centaur flesh
 E - 4 bread rations
Scrolls
 p - 2 scrolls of teleportation
 z - 9 scrolls of identify
 A - 3 scrolls of blinking
 C - a scroll of fog
 P - 6 scrolls of remove curse
Jewellery
 i - the amulet of Pifog (around neck) {rMut Dex+4}
   (You acquired it on level 1 of the Spider Nest)

   [amulet of resist mutation]

   It protects you from mutation.
   It affects your dexterity (+4).
 v - a ring of poison resistance (right hand)
 D - an uncursed ring of protection from fire
 F - an uncursed amulet of stasis
 M - the ring "Ghyajubbo" (left hand) {rElec rC+ Str+6}
   (You bought it in a shop on level 6 of the Dungeon)

   [ring of strength]

   It affects your strength (+6).
   It protects you from cold.
   It insulates you from electricity.
 Z - an uncursed ring of see invisible
Potions
 f - 11 potions of curing
 h - 2 potions of might
 j - 4 potions of restore abilities
 u - 4 potions of haste
 B - 5 potions of agility
Miscellaneous
 g - a fan of gales
 k - a fan of gales
 S - a lamp of fire
Rods
 r - a +0 rod of the swarm (12/12)
   (You took it off an orc wizard on level 9 of the Dungeon)


   Skills:
 + Level 17.9 Fighting
 * Level 25.6 Axes
 + Level 16.5 Armour
 + Level 13.4 Dodging
 - Level 10.2 Evocations


You had 19 spell levels left.
You didn't know any spells.

Dungeon Overview and Level Annotations

Branches:
Dungeon (15/15) Temple (0/1) D:4 Orc (4/4) D:12 Elf (0/3) Orc:3 Lair (8/8) D:8 Shoals (5/5) Lair:3 Spider (5/5) Lair:6 Slime (0/6) Lair:7 Vaults (0/5) D:12 D:13 Depths (1/5) D:15

Altars:
Ashenzari
Dithmenos
Gozag
Kikubaaqudgha
Makhleb
Nemelex Xobeh
Okawaru
Qazlal
Trog
Xom

Shops:
D:4 (   D:6 =   D:9 =   D:10 %   Orc:4 (*[   Shoals:4 [

Portals:
Hell: Lair:8
Abyss: Depths:1


Innate Abilities, Weirdness & Mutations

You possess an exceptional clarity of mind.
Your natural rate of healing is unusually fast.


Message History

Something bites you but does no damage.
There is an open door, spattered with blood here.
Something is blocking the doorway!
Something hits you.
* * * LOW HITPOINT WARNING * * *
Something bites you!
* * * LOW HITPOINT WARNING * * *
The yaktaur wields an arbalest.
The yaktaur shoots a bolt.
The bolt dissolves into shadows!
The phantasmal warrior blinks!
Something hits you!!
* * * LOW HITPOINT WARNING * * *
Something bites you.
* * * LOW HITPOINT WARNING * * *
There is a one-way gate to the infinite horrors of the Abyss, spattered with blood here.
You hear some strange, mumbled words.
Something tries to affect you, but you resist.
Drink which item? (? for menu, Esc to quit)
You feel better. Something hits you!!
* * * LOW HITPOINT WARNING * * *
Something bites you!
You die...

#.# #.......... ..
#<# #........# #'
#.# #........# #C
#.# #.....[..# #.
#.# #....)..(# #.
#.# #........####O
#.# #..?.....##OO.
#.####......c.'..O.
#.@∩.'.W.Wc....§.##
######........##.#
#........##.#
#.W......+W.c
#........##c##
####'######.# #.#
#c# ##.#### #.#
#.....###cc.


You could see 2 phantasmal warriors and a yaktaur.

Vanquished Creatures
  2 profane servitors (Abyss:1)
  Arachne (Spider:2)
  A tentacled monstrosity (Abyss:1)
  2 liches (Abyss:1)
  A kraken (Shoals:5)
  Rupert (Lair:6)
  Agnes (Shoals:3)
  Frances (Spider:1)
  4 tentacled starspawn (Abyss:1)
  Kirke (Shoals:1)
  2 ghost moths (Spider:5)
  Ilsuiw (Shoals:5)
  Donald (D:13)
  Wiglaf (Spider:2)
  Aizul (Spider:1)
  Louise (Spider:1)
  6 emperor scorpions
  2 orc warlords
  Gastronok (Lair:3)
  A very ugly thing (Depths:1)
  2 starcursed masses (Abyss:1)
  A dire elephant (D:15)
  4 merfolk javelineers
  An ettin (Depths:1)
  7 merfolk impalers
  A minotaur (Depths:1)
  A naga warrior (Abyss:1)
  10 sirens
  6 hydras
  3 satyrs
  A rakshasa (Depths:1)
  2 alligator snapping turtles
  An ice dragon (Depths:1)
  7 merfolk aquamancers
  4 centaur warriors
  10 death yaks
  3 orc high priests (Orc:4)
  3 thrashing horrors (Abyss:1)
  A hell hog (Abyss:1)
  A sun demon (Abyss:1)
  A wizard (Lair:8)
  3 wretched stars (Abyss:1)
  The ghost of dadoka the Conjurer, an experienced OpCj of Vehumet (Lair:1)
  5 skeletal warriors
  A catoblepas (Lair:8)
  5 large abominations (Abyss:1)
  A flayed ghost (D:13)
  13 orb spiders
  11 sea snakes
  3 unseen horrors
  7 hill giants
  4 orc knights
  7 ugly things
  A salamander (D:15)
  12 manticores
  3 fauns (Shoals:2)
  18 griffons
  18 harpies
  An oklob plant (Lair:6)
  7 orc sorcerers (Orc:4)
  4 sixfirhies
  3 moths of wrath
  33 wolf spiders
  8 water nymphs
  3 drowned souls
  5 cyclopes
  7 elephants
  A queen ant (Spider:1)
  2 gargoyles
  12 mermaids
  6 orange demons (Lair:8)
  2 molten gargoyles (Volcano)
  3 black mambas
  An iron devil (Abyss:1)
  2 torpor snails
  A yaktaur (shapeshifter) (Abyss:1)
  7 smoke demons
  A centaur skeleton (D:10)
  A kobold demonologist (D:14)
  12 spiny frogs
  A hellwing (Lair:8)
  14 demonic crawlers
  A fire drake (Lair:3)
  A feature mimic (Orc:4)
  2 komodo dragons
  3 red devils (Volcano)
  4 trolls
  2 efreet
  3 ancient zymes (Abyss:1)
  A freezing wraith (D:14)
  3 harpy zombies (Shoals:4)
  A jumping spider (shapeshifter) (Depths:1)
  3 blue devils (Lair:8)
  26 merfolk
  8 raiju (Abyss:1)
  2 two-headed ogres
  A wind drake (Shoals:2)
  Prince Ribbit (Lair:2)
  26 jumping spiders
  2 boulder beetles
  24 blink frogs
  A baby alligator (shapeshifter) (D:14)
  4 basilisks
  2 ynoxinuls (Abyss:1)
  20 trapdoor spiders
  A spriggan (D:14)
  9 flying skulls (Abyss:1)
  9 water elementals
  47 redbacks
  6 wraiths
  21 snapping turtles
  A vampire (D:15)
  27 tarantellas
  2 wyverns (Lair:3)
  4 fire bats (Abyss:1)
  15 humans
  38 yaks
  A fire elemental (Lair:3)
  Eustachio (D:7)
  2 hill giant zombies
  16 hippogriffs
  6 golden eyes (Abyss:1)
  2 neqoxecs (Abyss:1)
  A hungry ghost (D:7)
  10 vampire mosquitoes
  2 hogs (Shoals:1)
  Edmund (D:7)
  A warg (Orc:3)
  2 soldier ants (Spider:1)
  A mottled dragon (D:12)
  42 orc warriors
  11 water moccasins
  A hell hound (Abyss:1)
  A necrophage (D:8)
  4 black bears
  12 small abominations (Abyss:1)
  26 spiders
  3 yellow wasps
  A boring beetle (Spider:2)
  4 ice beasts
  20 centaurs
  4 sky beasts
  7 porcupines
  2 boggarts (Depths:1)
  A manticore skeleton (D:15)
  7 ogres
  21 crocodiles
  Sigmund (D:7)
  Duvessa (D:9)
  A phantom (D:9)
  3 big kobolds
  A brain worm (Abyss:1)
  An earth elemental (Abyss:1)
  20 giant frogs
  2 hippogriff zombies
  A wyvern skeleton (D:11)
  An eye of draining (Abyss:1)
  A troll zombie (D:7)
  A spiny frog simulacrum (Abyss:1)
  A yak zombie (D:10)
  8 scorpions
  22 killer bees
  7 wights
  A lava snake (Volcano)
  4 electric eels
  Dowan (D:9)
  4 quasits
  12 crimson imps
  A two-headed ogre zombie (D:7)
  A basilisk zombie (D:11)
  5 goliath beetles
  A centaur zombie (D:7)
  4 human zombies (D:8)
  Crazy Yiuf (D:2)
  A human skeleton (D:8)
  4 jellies
  25 orc priests
  3 iron imps (Abyss:1)
  An orange rat (D:6)
  5 hounds
  8 iguanas
  42 orc wizards
  13 sheep
  21 worker ants
  Ijyb (D:2)
  An ogre zombie (D:11)
  A mottled dragon zombie (D:14)
  An ogre skeleton (D:10)
  A mummy (D:8)
  77 green rats
  13 white imps
  31 adders
  19 gnolls
  A scorpion zombie (D:11)
  3 shadow imps
  An inept item mimic (D:9)
  2 giant mites
  4 worms
  13 ufetubi
  An adder skeleton (D:9)
  An orc skeleton (D:4)
  An adder zombie (D:5)
  An iguana skeleton (D:6)
  2 oozes
  183 orcs
  21 bats
  6 giant cockroaches
  40 goblins
  27 hobgoblins
  7 jackals
  24 kobolds
  19 quokkas
  A ball python (D:7)
  4 giant geckos
  9 giant newts
  2 giant spores (D:10)
  A jackal zombie (D:6)
  A lurking horror (Abyss:1)
  5 orc zombies
  32 rats
  14 ballistomycetes
  A butterfly (D:9)
  9 fungi
  20 plants
  2 starspawn tentacles (Abyss:1)
  A starspawn tentacle segment (Abyss:1)
  4 tentacles (Shoals:5)
1724 creatures vanquished.

Vanquished Creatures (collateral kills)
  A bone dragon (Abyss:1)
  3 tentacled starspawn (Abyss:1)
  Maud (Lair:7)
  A vault warden (D:13)
  A siren (Shoals:1)
  6 hydras
  An alligator snapping turtle (Shoals:4)
  A satyr (Shoals:3)
  A hell hog (Abyss:1)
  4 death yaks
  A thrashing horror (Abyss:1)
  An orc high priest (Orc:4)
  A wolf spider (Spider:1)
  3 large abominations (Abyss:1)
  An orc knight (Orc:4)
  A worldbinder (Abyss:1)
  A sixfirhy (Abyss:1)
  An elephant (Lair:3)
  A komodo dragon (Lair:6)
  A queen bee (Lair:3)
  A merfolk (Shoals:4)
  A raiju (Abyss:1)
  2 snapping turtles
  A flying skull (Abyss:1)
  3 water elementals (Shoals:4)
  A human (D:13)
  4 redbacks (Spider:1)
  A chaos spawn (Orc:4)
  2 neqoxecs (Abyss:1)
  A ynoxinul (Abyss:1)
  2 hippogriffs
  A water moccasin (Lair:6)
  An orc warrior (Orc:4)
  A porcupine (Lair:3)
  An ice beast (D:5)
  2 crocodiles (Lair:3)
  Blork the orc (D:7)
  11 killer bees (Lair:3)
  A quasit (Abyss:1)
  3 starcursed masses (Abyss:1)
  An iron imp (Abyss:1)
  A jelly (Abyss:1)
  An orc wizard (D:7)
  An iguana (Lair:3)
  A giant frog skeleton (D:7)
  A sheep (Lair:7)
  8 green rats
  A white imp (Abyss:1)
  A quokka (Lair:3)
  2 starspawn tentacles (Abyss:1)
91 creatures vanquished.

Vanquished Creatures (others)
  A hill giant (Shoals:1)
  32 drowned souls
  3 trolls
  6 ogres
  A boggart (Depths:1)
  An orc warrior (Orc:4)
  A kobold (D:7)
  7 giant spores
  A lurking horror (Abyss:1)
  A rat (D:10)
  2 ballistomycetes (D:7)
  8 fungi
  10 plants
  20 starspawn tentacles (Abyss:1)
  250 starspawn tentacle segments (Abyss:1)
  4 tentacles (Shoals:5)
  19 tentacle segments (Shoals:5)
367 creatures vanquished.

Grand Total: 2182 creatures vanquished

Notes
Turn   | Place    | Note
--------------------------------------------------------------
     0 | D:1      | Ratboiler, the Hill Orc Berserker, began the quest for the Orb.
     0 | D:1      | Reached XP level 1. HP: 19/19 MP: 1/1
   215 | D:1      | Reached XP level 2. HP: 21/27 MP: 2/2
   872 | D:1      | Acquired Trog's second power
   872 | D:1      | Reached XP level 3. HP: 28/33 MP: 3/3
  1090 | D:2      | Reached skill level 5 in Axes
  1430 | D:2      | Noticed Crazy Yiuf
  1437 | D:2      | Killed Crazy Yiuf
  1437 | D:2      | Reached XP level 4. HP: 14/40 MP: 0/4
  1774 | D:2      | Noticed Ijyb
  1793 | D:2      | Killed Ijyb
  1957 | D:2      | Found a stormy altar of Qazlal.
  2098 | D:2      | Reached XP level 5. HP: 25/46 MP: 5/5
  2233 | D:2      | Gained mutation: You possess an exceptional clarity of mind. [potion of beneficial mutation]
  2510 | D:3      | Reached skill level 6 in Axes
  3041 | D:3      | Acquired Trog's third power
  3216 | D:4      | Reached XP level 6. HP: 51/53 MP: 6/6
  3325 | D:4      | Found a staircase to the Ecumenical Temple.
  3346 | D:4      | Found a bloodstained altar of Trog.
  3450 | D:4      | Found Woiziera's Weapon Shoppe.
  3675 | D:4      | Reached skill level 7 in Axes
  3740 | D:4      | Reached skill level 5 in Fighting
  4035 | D:4      | Reached XP level 7. HP: 38/61 MP: 7/7
  4111 | D:4      | Bought the cursed -1 blowgun "Tuosinuf" {evade, rPois Dex+1} for 116 gold pieces
  4281 | D:5      | Entered Level 5 of the Dungeon
  4704 | D:5      | Reached skill level 8 in Axes
  5439 | D:6      | Found Nusioh's Jewellery Emporium.
  5469 | D:6      | Got a jewelled hunting sling
  6112 | D:6      | Reached XP level 8. HP: 41/69 MP: 8/8
  6585 | D:6      | Reached skill level 5 in Armour
  7183 | D:7      | Reached skill level 9 in Axes
  7465 | D:7      | Identified the cursed -2 hunting sling of Valour {velocity, Dex+4} (You found it on level 6 of the Dungeon)
  7791 | D:7      | Noticed Blork the orc
  7805 | D:7      | Killed Blork the orc
  8420 | D:7      | Reached skill level 10 in Axes
  8457 | D:7      | Noticed Edmund
  8465 | D:7      | Noticed Sigmund
  8465 | D:7      | Killed Edmund
  8465 | D:7      | Reached XP level 9. HP: 78/78 MP: 9/9
  8472 | D:7      | Killed Sigmund
  8592 | D:7      | Noticed Eustachio
  8637 | D:7      | Killed Eustachio
  9223 | D:7      | Found a shimmering altar of Xom.
  9383 | D:8      | Reached skill level 11 in Axes
  9900 | D:8      | Reached skill level 5 in Dodging
  9906 | D:8      | Found a bloodstained altar of Trog.
 10229 | D:8      | Found a shattered altar of Ashenzari.
 10401 | D:8      | Found a staircase to the Lair.
 10537 | D:8      | Found an ancient bone altar of Kikubaaqudgha.
 10898 | D:8      | Reached skill level 12 in Axes
 10938 | Lair:1   | Entered Level 1 of the Lair of Beasts
 10947 | Lair:1   | Noticed a spiny frog
 10959 | Lair:1   | Killed a spiny frog
 10959 | Lair:1   | Reached XP level 10. HP: 42/88 MP: 10/10
 11247 | Lair:1   | Noticed dadoka's ghost (experienced OpCj)
 11254 | Lair:1   | Killed dadoka's ghost
 11806 | Lair:1   | Reached skill level 13 in Axes
 12195 | Lair:1   | Noticed a death yak
 12196 | Lair:1   | Noticed a death yak
 12210 | Lair:1   | Noticed a death yak
 12212 | Lair:1   | Killed a death yak
 12212 | Lair:1   | Received a gift from Trog
 12221 | Lair:1   | Killed a death yak
 12222 | Lair:1   | Killed a death yak
 12222 | Lair:1   | Reached XP level 11. HP: 40/97 MP: 11/11
 12724 | Lair:2   | Reached skill level 14 in Axes
 12931 | Lair:2   | Noticed Prince Ribbit
 12941 | Lair:2   | Killed Prince Ribbit
 13225 | Lair:3   | Noticed a five-headed hydra
 13374 | Lair:3   | Noticed an eight-headed hydra
 13382 | Lair:3   | Killed a nine-headed hydra
 13543 | Lair:3   | Reached skill level 10 in Fighting
 13700 | Lair:3   | Reached skill level 15 in Axes
 13906 | Lair:3   | Killed a five-headed hydra
 13906 | Lair:3   | Received a gift from Trog
 14047 | Lair:3   | Reached XP level 12. HP: 99/107 MP: 12/12
 14534 | Lair:3   | Noticed Gastronok
 14549 | Lair:3   | Killed Gastronok
 14549 | Lair:3   | Reached skill level 16 in Axes
 14549 | Lair:3   | Reached skill level 10 in Armour
 14930 | Lair:3   | Received a gift from Trog
 15271 | Lair:3   | Found a staircase to the Shoals.
 15674 | Lair:4   | Noticed a four-headed hydra
 15682 | Lair:4   | Killed a five-headed hydra
 15761 | Lair:4   | Noticed an eight-headed hydra
 15764 | Lair:4   | Killed a nine-headed hydra
 16359 | Lair:5   | Received a gift from Trog
 16410 | Lair:5   | Reached skill level 17 in Axes
 16421 | Lair:5   | Reached XP level 13. HP: 58/116 MP: 13/13
 16974 | Lair:5   | Noticed a death yak
 16975 | Lair:5   | Noticed a death yak
 16975 | Lair:5   | Noticed a death yak
 16976 | Lair:5   | Noticed a death yak
 16988 | Lair:5   | Killed a death yak
 16991 | Lair:5   | Killed a death yak
 16994 | Lair:5   | Killed a death yak
 16996 | Lair:5   | Killed a death yak
 17594 | Lair:6   | Noticed Rupert
 17617 | Lair:6   | Killed Rupert
 17933 | Lair:6   | Found a hole to the Spider Nest.
 17942 | Lair:6   | Received a gift from Trog
 18818 | Lair:7   | Noticed Maud
 18824 | Lair:7   | Killed Maud
 18824 | Lair:7   | Reached skill level 18 in Axes
 19349 | Lair:7   | Found a staircase to the Slime Pits.
 19517 | Lair:7   | Found an opulent altar of Gozag.
 19642 | Lair:8   | Entered Level 8 of the Lair of Beasts
 19646 | Lair:8   | Received a gift from Trog
 19803 | Lair:8   | Found a dark tunnel.
 19841 | Volcano  | Entered a volcano
 19908 | Volcano  | Found a radiant altar of Vehumet.
 20047 | Volcano  | Reached XP level 14. HP: 105/127 MP: 14/14
 20636 | Lair:8   | Found a burning altar of Makhleb.
 21027 | Lair:8   | Reached skill level 19 in Axes
 22283 | Lair:8   | Found a gateway to Hell.
 22678 | D:9      | Found Migad's Jewellery Boutique.
 22688 | D:9      | Bought a cursed amulet of inaccuracy for 26 gold pieces
 23179 | D:9      | Noticed Duvessa
 23183 | D:9      | Killed Duvessa
 23186 | D:9      | Noticed Dowan
 23194 | D:9      | Killed Dowan
 23327 | D:9      | Found an opulent altar of Gozag.
 23569 | D:9      | Found a sparkling altar of Nemelex Xobeh.
 23623 | D:9      | Received a gift from Trog
 23737 | D:6      | Bought a cursed ring of loudness for 63 gold pieces
 23737 | D:6      | Bought the ring "Ghyajubbo" {rElec rC+ Str+6} for 1113 gold pieces
 23883 | D:10     | Entered Level 10 of the Dungeon
 23889 | D:10     | Reached XP level 15. HP: 136/136 MP: 14/25
 23957 | D:10     | Found Trelec's Food Shop.
 24686 | D:11     | Reached skill level 10 in Dodging
 25679 | D:12     | Received a gift from Trog
 25932 | D:12     | Found a staircase to the Orcish Mines.
 26042 | Orc:1    | Entered Level 1 of the Orcish Mines
 26354 | Orc:2    | Received a gift from Trog
 26389 | Orc:2    | Found an iron altar of Okawaru.
 26440 | Orc:2    | Found a flagged portal.
 26470 | Bailey   | Entered a bailey
 26618 | Bailey   | Received a gift from Trog
 26744 | Bailey   | Reached skill level 20 in Axes
 26744 | Bailey   | Reached XP level 16. HP: 145/145 MP: 26/26
 26799 | Bailey   | Gained mutation: Your natural rate of healing is unusually fast. [potion of beneficial mutation]
 27056 | Orc:2    | Received a gift from Trog
 27380 | Orc:3    | Found a staircase to the Elven Halls.
 27827 | Orc:4    | Entered Level 4 of the Orcish Mines
 27855 | Orc:4    | Found a shimmering altar of Xom.
 27859 | Orc:4    | Received a gift from Trog
 28033 | Orc:4    | Paralysed by an orc sorcerer for 6 turns
 28297 | Orc:4    | Received a gift from Trog
 28328 | Orc:4    | Paralysed by an orc sorcerer for 7 turns
 28872 | Orc:4    | Received a gift from Trog
 28878 | Orc:4    | Got a twisted battleaxe {god gift}
 28886 | Orc:4    | Found Vaoziogriff's General Store.
 28921 | Orc:4    | Found Totsus' Book Shop.
 28922 | Orc:4    | Found Ytwoit's Antique Armour Boutique.
 28922 | Orc:4    | Found Gufacsai's Antique Weapon Boutique.
 28935 | Orc:4    | Totsus' Book Shop was a mimic.
 29042 | Orc:4    | Identified the +1 battleaxe "Xurecepn" {chop, +Blink} (Trog gifted it to you on level 4 of the Orcish Mines)
 29530 | Orc:1    | Found a bloodstained altar of Trog.
 29884 | D:13     | Found a gate to the Vaults.
 29884 | D:13     | Noticed Donald
 30186 | D:13     | Received a gift from Trog
 30377 | D:13     | Identified a scroll of acquirement
 30541 | D:13     | Killed Donald
 31056 | D:14     | Found a shadowy altar of Dithmenos.
 31255 | D:14     | Reached skill level 21 in Axes
 31914 | D:15     | Entered Level 15 of the Dungeon
 32505 | D:15     | Found a staircase to the Depths.
 32635 | D:15     | Received a gift from Trog
 33347 | Shoals:1 | Entered Level 1 of the Shoals
 33507 | Shoals:1 | Reached XP level 17. HP: 103/154 MP: 28/28
 34905 | Shoals:1 | Noticed Kirke
 34914 | Shoals:1 | Killed Kirke
 35219 | Spider:1 | Entered Level 1 of the Spider Nest
 35220 | Spider:1 | Noticed Frances
 35231 | Spider:1 | Killed Frances
 35356 | Spider:1 | Reached skill level 15 in Fighting
 35406 | Spider:1 | Got a transparent jade amulet
 35408 | Spider:1 | Identified the amulet of Pifog {rMut Dex+4} (You acquired it on level 1 of the Spider Nest)
 35458 | Spider:1 | Received a gift from Trog
 35465 | Spider:1 | Noticed Louise
 35466 | Spider:1 | Cast into the Abyss (Louise)
 35875 | Abyss:1  | Noticed a profane servitor
 35900 | Abyss:1  | Killed a profane servitor
 35904 | Abyss:1  | Reached skill level 22 in Axes
 36131 | Abyss:1  | Noticed a lich
 36283 | Abyss:1  | Found a corrupted altar of Lugonu.
 36344 | Abyss:1  | Noticed a profane servitor
 36388 | Abyss:1  | Killed a profane servitor
 36476 | Abyss:1  | Noticed a lich
 36484 | Abyss:1  | Noticed an Ice Fiend
 36485 | Abyss:1  | Killed a lich
 36629 | Abyss:1  | Noticed a tentacled monstrosity
 36643 | Abyss:1  | Killed a tentacled monstrosity
 36773 | Abyss:1  | Reached skill level 10 in Evocations
 36844 | Abyss:1  | Noticed a bone dragon
 36861 | Abyss:1  | Killed a bone dragon
 36936 | Abyss:1  | Got a slimy hunting sling
 37001 | Abyss:1  | Noticed a lich
 37011 | Abyss:1  | Killed a lich
 37011 | Abyss:1  | Reached XP level 18. HP: 165/165 MP: 30/30
 37717 | Spider:1 | Escaped the Abyss
 37726 | Spider:1 | Killed Louise
 37872 | Spider:1 | Identified the +3 hunting sling of the Wraith {velocity, rF+ Str+4 SInv} (You found it on level 1 of the Abyss)
 38068 | Spider:1 | Received a gift from Trog
 38073 | Spider:1 | Reached skill level 23 in Axes
 38405 | Spider:1 | Noticed Aizul
 38413 | Spider:1 | Killed Aizul
 38712 | Spider:2 | Noticed Arachne
 38726 | Spider:2 | Killed Arachne
 38726 | Spider:2 | Reached skill level 15 in Armour
 39799 | Spider:2 | Noticed Wiglaf
 39905 | Spider:2 | Killed Wiglaf
 39951 | Spider:2 | Got a jewelled shortbow
 39952 | Spider:2 | Identified the +8 shortbow of Prudence {velocity, rElec Int+2} (You found it on level 2 of the Spider Nest)
 40486 | Spider:3 | Got a pitted scale mail
 40505 | Spider:3 | Identified the +3 scale mail of the Engineer {rElec} (You found it on level 3 of the Spider Nest)
 41314 | Spider:4 | Received a gift from Trog
 41316 | Spider:4 | Got an ichor-stained battleaxe {god gift}
 41317 | Spider:4 | Identified the +12 battleaxe "Buluopuc" {chop, rC+} (Trog gifted it to you on level 4 of the Spider Nest)
 41790 | Spider:5 | Entered Level 5 of the Spider Nest
 42003 | Spider:5 | Reached XP level 19. HP: 150/174 MP: 31/31
 42723 | Spider:5 | Received a gift from Trog
 42761 | Spider:5 | Reached skill level 24 in Axes
 43608 | Spider:5 | Got a gossamer rune of Zot
 44483 | Shoals:2 | Received a gift from Trog
 46001 | Shoals:3 | Received a gift from Trog
 46765 | Shoals:3 | Noticed Agnes
 46774 | Shoals:3 | Killed Agnes
 47528 | Shoals:4 | Found Grol's Antique Armour Shop.
 47544 | Shoals:4 | Reached skill level 25 in Axes
 48024 | Shoals:4 | Reached XP level 20. HP: 163/184 MP: 32/32
 48099 | Shoals:5 | Entered Level 5 of the Shoals
 48668 | Shoals:5 | Noticed Ilsuiw
 48695 | Shoals:5 | Killed Ilsuiw
 48888 | Shoals:5 | Received a gift from Trog
 49683 | Shoals:5 | Got a barnacled rune of Zot
 50646 | Depths:1 | Entered Level 1 of the Depths
 50686 | Depths:1 | Found a one-way gate to the infinite horrors of the Abyss.
 51006 | Depths:1 | HP: 7/187 [something (25)]
 51006 | Depths:1 | Slain by a vampire knight

Action                   |  1- 3 |  4- 6 |  7- 9 | 10-12 | 13-15 | 16-18 | 19-21 || total
-------------------------+-------+-------+-------+-------+-------+-------+-------++-------
Melee: Hand axe          |    97 |   165 |       |   437 |   140 |       |       ||   839
       War axe           |       |   116 |   724 |   109 |       |       |       ||   949
       Battleaxe         |       |       |     6 |       |       |       |       ||     6
       Executioner's axe |       |       |       |       |   745 |  1398 |   800 ||  2943
Throw: Javelin           |       |       |       |       |     4 |       |       ||     4
       Tomahawk          |       |       |       |       |     7 |    14 |     1 ||    22
Invok: Berserk           |     1 |       |    14 |     8 |     9 |    15 |     6 ||    53
       Burn Spellbooks   |       |     1 |       |       |     2 |       |       ||     3
       Brothers in Arms  |       |       |     3 |     6 |    10 |    12 |     5 ||    36
       Trog's Hand       |       |       |     2 |       |     2 |     6 |     2 ||    12
Evoke: Wand              |       |       |     3 |    13 |    24 |    22 |    11 ||    73
       Lamp of fire      |       |       |       |       |       |     1 |       ||     1
  Use: Scroll            |       |     7 |     9 |     5 |    16 |    28 |     9 ||    74
       Potion            |       |     1 |       |       |     1 |     8 |     5 ||    15
 Stab: Distracted        |       |       |       |     1 |       |     1 |       ||     2
       Invisible         |       |       |       |       |       |     1 |       ||     1
       Fleeing           |       |       |       |       |       |       |     1 ||     1
  Eat: Chunk             |     4 |     9 |    24 |    22 |    21 |    17 |    11 ||   108
       Pizza             |       |       |     3 |     1 |     1 |     1 |     2 ||     8
       Beef jerky        |       |       |     2 |       |     1 |     2 |     3 ||     8
       Fruit             |       |       |     5 |       |     1 |       |       ||     6
       Royal jelly       |       |       |     1 |     2 |     2 |       |       ||     5
       Meat ration       |       |       |       |       |     2 |     6 |       ||     8
       Bread ration      |       |       |       |       |     1 |     4 |     4 ||     9
